 Dungeon Crawl Stone Soup version 0.27-a0-720-g3f424a255b (webtiles) character file.

Game seed: 5460388891502475888

2 PentaManta the Ducker (level 1, -1/11 HPs)
             Began as a Spriggan Abyssal Knight on Mar 23, 2021.
             Was a Follower of Lugonu.
             Slain by a goblin
             ... wielding a +0 club
              (2 damage)
             ... on level 1 of the Dungeon.
             The game lasted 00:00:28 (115 turns).

PentaManta the Ducker (Spriggan Abyssal Knight)      Turns: 115, Time: 00:00:28

Health: -1/11      AC:  2    Str:  8    XL:     1   Next: 25%
Magic:  3/3        EV: 17    Int: 13    God:    Lugonu [*.....]
Gold:   0          SH:  0    Dex: 14    Spells: 0/0 levels left

rFire    . . .     SeeInvis +   a - +1 short sword
rCold    . . .     Faith    .   (shield restricted)
rNeg     . . .     Spirit   .   b - +0 robe
rPois    .         Reflect  .   (helmet restricted)
rElec    .         Harm     .   (no cloak)
rCorr    .         Rampage  .   (gloves unavailable)
Will     .....                  (boots unavailable)
Stlth    +.........             (no amulet)
HPRegen  0.03/turn              (no ring)
MPRegen  0.08/turn              (no ring)

@: very quick
A: very small, no large weapons, unfitting armour, see invisible, speed 3
a: Renounce Religion, Depart the Abyss


You were on level 1 of the Dungeon.
You worshipped Lugonu.
Lugonu was aware of your devotion.
You visited 1 branch of the dungeon, and saw 1 of its levels.
You visited the Abyss 1 time.

Inventory:

Hand Weapons
 a - a +1 short sword (weapon)
Armour
 b - a +0 robe (worn)


   Skills:
 + Level 2.4 Fighting
 + Level 2.2 Short Blades
 + Level 3.2 Dodging
 + Level 0.3 Stealth
 - Level 1.7 Invocations


You couldn't memorise any spells.
You didn't know any spells.
Your spell library was empty.

Dungeon Overview and Level Annotations

Branches:
Dungeon (1/15)

Altars:


Innate Abilities, Weirdness & Mutations

You are very small and have problems with some larger weapons.
You are too small for most types of armour.
You have supernaturally acute eyesight. (SInv)
You cover ground extremely quickly. (Speed+++)


Message History

You hit the rat.
You kill the rat!
Lugonu accepts your kill.
A goblin comes into view. It is wielding a +0 club.
The kobold hits you with a +0 dagger.
You barely miss the kobold.
The goblin shouts!
The kobold hits you with a +0 dagger.
You closely miss the kobold.
An ooze comes into view.
The kobold closely misses you.
You barely miss the kobold. The kobold hits you with a +0 dagger.
* * * LOW HITPOINT WARNING * * *
You are too injured to fight recklessly!
The kobold throws a stone.
The stone closely misses you.
There is an open door here.
There's nothing to close nearby.
You close the door.
You start resting.
A kobold is nearby!
You completely miss the kobold. The kobold hits you but does no damage.
You hit the kobold.
The kobold is moderately wounded.
You barely miss the kobold.
The kobold is moderately wounded.
The kobold barely misses you.
You hit the kobold.
You kill the kobold!
Lugonu accepts your kill.
You can now depart the Abyss.
You hit the goblin.
The goblin is severely wounded.
The goblin barely misses you.
You barely miss the goblin.
The goblin is severely wounded.
The goblin hits you with a +0 club.
* * * LOW HITPOINT WARNING * * *
You barely miss the goblin.
The goblin is severely wounded.
The goblin hits you with a +0 club.
You die...

.# #.....# ... #.K.#
...g#...# .....$..#
..>....K#########
..#..............######
.........#.##.##......#
..##.#...#.##g###+###'##
...........#@..#...#.§.#
..###....##...#≈.≈#§§≈#
.. .....##...#≈.≈#§§§#
...[...#...#≈.≈#§§§#
.^......#...#≈.≈#§≈.#
#...#≈.≈#≈..#
#...#...#...#
#...........#
#)..........#


You could see a goblin.

Vanquished Creatures
  A kobold (D:1)
  A rat (D:1)
2 creatures vanquished.

Notes
Turn   | Place    | Note
-------+----------+-------------------------------------------
     0 | Abyss:1  | PentaManta the Spriggan Abyssal Knight began the quest for
                  | the Orb.
     0 | Abyss:1  | Reached XP level 1. HP: 11/11 MP: 3/3
    25 | Abyss:1  | Noticed a raiju
    26 | D:1      | Escaped the Abyss
   112 | D:1      | Reached * piety under Lugonu
   115 | D:1      | Slain by a goblin

Illustrated notes

Levels and vault maps discovered:
D:1:      lightli_arrival_quake, layout_basic

Action                   || total
-------------------------++-------
Melee: Short sword       ||    12
Invok: Depart the Abyss  ||     1
Armor: Robe              ||     1
Dodge: Dodged            ||     5

Table legend: (Time is in decaauts)
 A = Elapsed time spent in this place.
 B = Non-inter-level travel time spent in this place.
 C = Inter-level travel time spent in this place.
 D = Time resting spent in this place.
 E = Time spent auto-exploring this place.
 F = Levels seen in this place.
 G = Mean time per level.
                   A        B        C        D        E       F      G
               +--------+--------+--------+--------+--------+-----+--------+
         Total |     81 |     81 |      0 |      6 |     53 |   2 |   40.5 |
       Dungeon |     65 |     65 |      0 |      6 |     38 |   1 |   65.0 |
         Abyss |     15 |     15 |      0 |      0 |     15 |   1 |   15.0 |
               +--------+--------+--------+--------+--------+-----+--------+

Top non-repeatable levels by time:
     D:1: 65 daAuts
 Abyss:1: 15 daAuts
